 Dungeon Crawl Stone Soup version 0.28-a0-309-gf6d37e6e1d (webtiles) character file.

Game seed: 15792423003180068640

86 McIrco the Cutter (level 4, 0/29 HPs)
             Began as a Kobold Berserker on Aug 30, 2021.
             Was a Believer of Trog.
             Slain by an orc (6 damage)
             ... on level 3 of the Dungeon.
             The game lasted 00:02:11 (2917 turns).

McIrco the Cutter (Kobold Berserker)                Turns: 2917, Time: 00:02:11

Health: 0/29       AC:  2    Str: 15    XL:     4   Next: 78%
Magic:  4/4        EV: 15    Int:  8    God:    Trog [**....]
Gold:   73         SH:  0    Dex: 14    Spells: 3/3 levels left

rFire   . . .      SeeInvis .   h - +1 dagger (vamp)
rCold   . . .      Faith    .   (shield restricted)
rNeg    . . .      Spirit   .   b - +0 animal skin
rPois   .          Reflect  .   (no helmet)
rElec   .          Harm     .   (no cloak)
rCorr   .          Rampage  .   (no gloves)
Will    .....                   (no boots)
Stlth   ++........              (no amulet)
HPRegen 0.09/turn               (no ring)
MPRegen 0.09/turn               (no ring)

@: on berserk cooldown, slowed, very slow
A: small, no large weapons, nightstalker 3
a: Renounce Religion, Berserk, Trog's Hand


You were on level 3 of the Dungeon.
You worshipped Trog.
Trog was pleased with you.
You visited 1 branch of the dungeon, and saw 3 of its levels.

You collected 73 gold pieces.

Inventory:

Hand Weapons
 a - a +0 short sword
 h - a +1 vampiric dagger (weapon)
Armour
 b - a +0 animal skin (worn)
Jewellery
 j - a ring of positive energy
Wands
 k - a wand of charming (7)
 l - a wand of polymorph (4)
Scrolls
 c - 4 scrolls of identify {unknown}
 d - 3 scrolls of teleportation {unknown}
 e - a scroll of fog {unknown}
 g - a scroll of immolation {unknown}
Potions
 f - 2 potions of degeneration {unknown}
 i - a potion of heal wounds {unknown}


   Skills:
 + Level 4.2 Fighting
 + Level 5.2 Short Blades
 + Level 2.1 Armour
 + Level 3.0 Dodging


You had 3 spell levels left.
You didn't know any spells.
Your spell library was empty.

Dungeon Overview and Level Annotations

Branches:
Dungeon (3/15)

Altars:
Trog

Shops:
D:3 :


Innate Abilities, Weirdness & Mutations

You are small and have problems with some larger weapons.
You are completely attuned to the shadows.


Message History

You are exhausted.
You feel yourself slow down.
A quokka comes into view.
A quokka is nearby!
A quokka is nearby!
A quokka is nearby!
A quokka is nearby!
You are too injured to fight recklessly!
You are too injured to fight recklessly!
You are too injured to fight recklessly!
Unknown command.
You are too injured to fight recklessly!
You are too injured to fight recklessly!
You are too injured to fight recklessly!
You are too injured to fight recklessly!
You closely miss the quokka. The quokka bites you.
* * * LOW HITPOINT WARNING * * *
You closely miss the quokka. The quokka completely misses you.
The quokka bites you.
* * * LOW HITPOINT WARNING * * *
You hit the quokka.
You feel better.
You kill the quokka!
Trog accepts your kill.
You start resting.
An orc comes into view. It is wielding a +0 hand axe.
An orc is nearby!
You hit the orc.
You feel better.
The orc is moderately wounded.
The orc hits you with a +0 hand axe.
* * * LOW HITPOINT WARNING * * *
You closely miss the orc.
The orc is moderately wounded.
The orc misses you.
You closely miss the orc.
The orc is moderately wounded.
The orc barely misses you.
You hit the orc.
You feel better.
The orc is almost dead.
The orc barely misses you. The orc hits you with a +0 hand axe.
You die...

#.............
#.##........##
#.##.......##.
#.##.......#.. ..
#.#.#.#.##.......#..
#.###'#.#.#.######'#.'..
#.........#......#.###..
..........#..###.#.# #..
.....)o@..#..# #.#.# ##.
##.......##..# #.#.. ##
#.......##..# #.#######
.........)...# #.#......
.###########.# #.#.#####
#........###'#.#####
#.#######.........##
####.#...........###.##
.....#...........###.##


You could see an orc.

Vanquished Creatures
  2 adders (D:2)
  2 worms (D:2)
  2 dart slugs
  7 orcs
  3 endoplasms
  2 giant cockroaches
  5 goblins
  A hobgoblin (D:3)
  A jackal (D:3)
  5 kobolds
  4 quokkas
  5 ball pythons
  A bat (D:3)
  4 frilled lizards
  8 rats
52 creatures vanquished.

Vanquished Creatures (others)
  13 plants (D:2)
13 creatures vanquished.

Grand Total: 65 creatures vanquished

Notes
Turn   | Place    | Note
-------+----------+-------------------------------------------
     0 | D:1      | McIrco the Kobold Berserker began the quest for the Orb.
     0 | D:1      | Reached XP level 1. HP: 14/14 MP: 1/1
   101 | D:1      | Reached XP level 2. HP: 19/19 MP: 2/2
   519 | D:1      | You fall into a shaft and drop 1 floor!
   650 | D:2      | Reached XP level 3. HP: 20/24 MP: 3/3
   738 | D:2      | Reached ** piety under Trog
  1206 | D:2      | Reached XP level 4. HP: 21/29 MP: 4/4
  1500 | D:2      | Reached skill level 5 in Short Blades
  2314 | D:3      | Found a bloodstained altar of Trog.
  2779 | D:3      | Found Selik's Book Shop.
  2800 | D:3      | Found a faded altar of an unknown god.
  2917 | D:3      | Slain by an orc

Illustrated notes

Levels and vault maps discovered:
D:1:      amcnicky_arrival_single_pillar, layout_rooms, lemuel_another_geyser
D:2:      layout_loops_ring, hangedman_decor_lopped, minmay_misc_feat_room,
          chequers_big_river, kennysheep_crisscross, serial_bayou_lagoon_b
D:3:      minmay_skewed_foursquare, layout_basic, trog_butcher_becter,
          serial_shops, nicolae_shop_temple_entry_statues_fountains,
          ebering_ecumenical_altar_petrified, grunt_decor_fettered,
          kennysheep_flooded_box, wad_orctagon

Skill      XL: |  1  2  3  4 |
---------------+-------------+-----
Armour         | 2 |  2.1
Short Blades   | 5 |  5.2
Fighting       | 4 |  4.2
Dodging        | 3 |  3.0

Action                   |  1- 3 |  4- 6 || total
-------------------------+-------+-------++-------
Melee: Short sword       |    88 |    35 ||   123
       Dagger            |       |    43 ||    43
Invok: Berserk           |     1 |     1 ||     2
 Stab: Sleeping          |     7 |     6 ||    13
Armor: Animal skin       |     9 |     1 ||    10
Dodge: Dodged            |    42 |    35 ||    77

Table legend: (Time is in decaauts)
 A = Elapsed time spent in this place.
 B = Non-inter-level travel time spent in this place.
 C = Inter-level travel time spent in this place.
 D = Time resting spent in this place.
 E = Time spent auto-exploring this place.
 F = Levels seen in this place.
 G = Mean time per level.
                   A        B        C        D        E       F      G
               +--------+--------+--------+--------+--------+-----+--------+
         Total |   2943 |   2926 |     17 |    103 |   2495 |   3 |  981.0 |
       Dungeon |   2943 |   2926 |     17 |    103 |   2495 |   3 |  981.0 |
               +--------+--------+--------+--------+--------+-----+--------+

Top non-repeatable levels by time:
     D:2: 1775 daAuts
     D:3: 652 daAuts
     D:1: 516 daAuts
